[Event "*** MasterClass Titled Tuesday Blitz"]
[Site "Chess.com"]
[Date "2017.07.04"]
[Round "6"]
[White "Malev212"]
[Black "BigMak2500"]
[Result "0-1"]
[WhiteElo "2507"]
[BlackElo "2406"]
[TimeControl "180+2"]
[EndTime "14:20:33 PDT"]
[Termination "BigMak2500 won by resignation"]

1. e4 e5 2. Nf3 Nc6 3. Bc4 Bc5 4. d3 h6 5. Nc3 Nf6 6. O-O d6 7. Na4 Bb6 8. Nxb6 axb6 9. h3 O-O 10. a3 Be6 11. Bxe6 fxe6 12. c4 Qe8 13. Bd2 Qg6 14. Nh4 Qf7 15. Be3 d5 16. exd5 exd5 17. Rc1 d4 18.
Bd2 e4 19. Nf5 Kh7 20. Ng3 Rae8 21. dxe4 Nxe4 22. Qc2 Qg6 23. Nxe4 Rxe4 24. Rce1 Rfe8 25. Rxe4 Rxe4 26. f3 Re7 27. Qxg6+ Kxg6 28. Bf4 Na5 29. Rd1 c5 30. b4 Nxc4 31. Kf2 Rd7 32. Rc1 Nb2 33. Ke2 Re7+ 34. Kd2 c4 0-1

[Event "*** MasterClass Titled Tuesday Blitz"]
[Site "Chess.com"]
[Date "2017.07.04"]
[Round "6"]
[White "TregubovP"]
[Black "Alliswell998"]
[Result "1-0"]
[WhiteElo "2417"]
[BlackElo "2312"]
[TimeControl "180+2"]
[EndTime "14:20:34 PDT"]
[Termination "TregubovP won by resignation"]

1. d4 Nf6 2. c4 c5 3. d5 b5 4. cxb5 a6 5. e3 Bb7 6. Nc3 Qb6 7. Nf3 g6 8. a4 axb5 9. Bxb5 Bg7 10. O-O O-O 11. e4 d6 12. e5 dxe5 13. Nxe5 Rd8 14. Qf3 Na6 15. Rd1 Nb4 16. Bg5 Nc2 17. Rac1 Nd4 18.
Qf4 Qa7 19. Nc6 Bxc6 20. dxc6 Rac8 21. Qe3 Rd6 22. h3 Nxc6 23. Rxd6 exd6 24. Bxc6 1-0

[Event "*** MasterClass Titled Tuesday Blitz"]
[Site "Chess.com"]
[Date "2017.07.04"]
[Round "6"]
[White "Divertissement"]
[Black "Noukii"]
[Result "0-1"]
[WhiteElo "2415"]
[BlackElo "2587"]
[TimeControl "180+2"]
[EndTime "14:20:35 PDT"]
[Termination "Noukii won by resignation"]

1. d4 Nf6 2. Nf3 d5 3. Bf4 c5 4. e3 e6 5. c3 Nc6 6. Nbd2 Bd6 7. Bxd6 Qxd6 8. Bb5 O-O 9. O-O Bd7 10. Bxc6 Bxc6 11. Ne5 Bb5 12. Re1 a5 13. Qf3 a4 14. a3 Nd7 15. Nxd7 Bxd7 16. Rad1 Qb6 17. Rb1 Bb5 18. dxc5 Qxc5 19. e4 d4 20. Rbc1 Rac8 21. h3 Rfd8 22. Nf1 Qe5 23. cxd4 Qxd4 24. Red1 Qxb2 25. Rc7 Be8 26.
Rxd8 Rxd8 27. Ng3 b5 28. Nh5 Qa1+ 29. Kh2 Qe5+ 30. Qg3 Qxh5 0-1

[Event "*** MasterClass Titled Tuesday Blitz"]
[Site "Chess.com"]
[Date "2017.07.04"]
[Round "6"]
[White "IljaZaragatski"]
[Black "Yaacovn"]
[Result "1-0"]
[WhiteElo "2437"]
[BlackElo "2648"]
[TimeControl "180+2"]
[EndTime "14:20:46 PDT"]
[Termination "IljaZaragatski won by resignation"]

1. Nf3 Nf6 2. g3 b6 3. Bg2 Bb7 4. O-O g6 5. c4 Bg7 6. d4 O-O 7. d5 b5 8. cxb5 Bxd5 9. Nc3 Bb7 10. Bg5 a6 11. a4 axb5 12. axb5 c5 13. Rxa8 Bxa8 14.
Qa4 Bb7 15. Qh4 d6 16. Bh6 Nbd7 17. Ng5 Bxg2 18. Kxg2 Qa8+ 19. f3 Rb8 20. Rd1 Nf8 21. Bxg7 Kxg7 22. Qc4 e6 23. Rxd6 Qa1 24. Rd2 Qc1 25.
Qf4 h6 26. Nxf7 g5 27. Nxg5 Kg6 28. Nge4 Nxe4 29. Nxe4 1-0

[Event "*** MasterClass Titled Tuesday Blitz"]
[Site "Chess.com"]
[Date "2017.07.04"]
[Round "6"]
[White "x-3738459472"]
[Black "spirals5"]
[Result "0-1"]
[WhiteElo "2447"]
[BlackElo "2393"]
[TimeControl "180+2"]
[EndTime "14:21:00 PDT"]
[Termination "spirals5 won by resignation"]

1. e4 c5 2. Nf3 d6 3. d4 cxd4 4. Nxd4 Nf6 5. Nc3 a6 6. Bg5 Nbd7 7. Qe2 h6 8. Bh4 e6 9. f4 Be7 10. e5 dxe5 11. fxe5 Nd5 12. Bxe7 Nxc3 13. Bxd8 Nxe2 14.
Bxe2 Kxd8 15. O-O-O Ke7 16. Nf3 b5 17. Rd2 Bb7 18. Rhd1 Rhd8 19. Rd6 Bxf3 20. Bxf3 Nxe5 21. Rb6 Rxd1+ 22. Kxd1 Nxf3 23. gxf3 Ra7 24. a4 bxa4 25. Rb4 g5 26. Rxa4 f5 27. b4 Kf6 28. b5 Rd7+ 29. Ke2 axb5 30. Rb4 Rd5 31. c4 bxc4 32.
Rxc4 Ra5 33. Kf2 h5 34. h4 g4 35. fxg4 hxg4 36. Rc8 Ra2+ 37. Kg3 Ra3+ 38. Kg2 Rh3 39. Rh8 f4 40. h5 Kg5 41. Re8 Kxh5 42. Rxe6 Ra3 43.
Re8 Ra2+ 0-1

[Event "*** MasterClass Titled Tuesday Blitz"]
[Site "Chess.com"]
[Date "2017.07.04"]
[Round "6"]
[White "platy3"]
[Black "escher"]
[Result "1-0"]
[WhiteElo "2611"]
[BlackElo "2040"]
[TimeControl "180+2"]
[EndTime "14:21:01 PDT"]
[Termination "platy3 won by resignation"]

1. e4 c5 2. Nf3 Nc6 3. Bb5 g6 4. O-O Bg7 5. Re1 e5 6. b4 cxb4 7. a3 Nd4 8. Nxd4 exd4 9. axb4 Ne7 10. d3 O-O 11. Nd2 d5 12. e5 Bd7 13. Bxd7 Qxd7 14. Nf3 Nc6 15. b5 Ne7 16. Nxd4 Nf5 17. Nxf5 Qxf5 18.
Bb2 Qd7 19. c4 d4 20. Qf3 Rfe8 21. e6 Rxe6 22. Rxe6 fxe6 23. Qe4 e5 24. Bc1 Qf7 25. Bd2 Rf8 26. f3 b6 27. Bb4 Rc8 28. Kf2 Qe6 29.
Rxa7 Bf6 30. Ra8 Kg7 31. Qb7+ 1-0

[Event "*** MasterClass Titled Tuesday Blitz"]
[Site "Chess.com"]
[Date "2017.07.04"]
[Round "6"]
[White "Alexander_Donchenko"]
[Black "mokerslag"]
[Result "1-0"]
[WhiteElo "2576"]
[BlackElo "2468"]
[TimeControl "180+2"]
[EndTime "14:21:03 PDT"]
[Termination "Alexander_Donchenko won by resignation"]

1. d4 Nf6 2. c4 g6 3. f3 Bg7 4. e4 O-O 5. Nc3 d6 6. Be3 e5 7. Nge2 exd4 8. Nxd4 c6 9. Qd2 d5 10. cxd5 cxd5 11. e5 Nfd7 12. f4 Nc5 13. Nc6 bxc6 14. Bxc5 Re8 15. Be2 Nd7 16. Bd6 f6 17. Nxd5 fxe5 18.
Nc7 exf4 19. O-O Nf6 20. Bc4+ Kh8 21. Rxf4 Bf5 22. Nxa8 Qxa8 23. Ba3 Ne4 24. Qe3 Qd8 25. Kh1 Bd4 26. Qb3 Qg5 27. Raf1 Nd2 28. Qd1 Be3 29. Bc5 Bxf4 30. Qxd2 Re4 31. Bd4+ 1-0

[Event "*** MasterClass Titled Tuesday Blitz"]
[Site "Chess.com"]
[Date "2017.07.04"]
[Round "6"]
[White "playablecharacter"]
[Black "CraiggoryC"]
[Result "1-0"]
[WhiteElo "2021"]
[BlackElo "2053"]
[TimeControl "180+2"]
[EndTime "14:21:05 PDT"]
[Termination "playablecharacter won by resignation"]

1. d4 Nf6 2. c4 c6 3. Nc3 d5 4. e3 e6 5. Nf3 Nbd7 6. Bd3 dxc4 7. Bxc4 b5 8. Be2 Bb7 9. O-O a6 10. e4 c5 11. e5 cxd4 12. Qxd4 Bc5 13. Qf4 Nd5 14. Qg3 Nxc3 15. bxc3 g6 16. Bh6 Qc7 17. a4 O-O-O 18. axb5 axb5 19. Bxb5 Nb6 20. Rfb1 Be4 21.
Ba6+ Kb8 22. Rb3 Bd5 23. Rb2 Bb7 24. Bxb7 Kxb7 25. Rab1 Kc8 26. Nd2 Rd5 27. c4 Rxe5 28. Bf4 f6 29. Bxe5 fxe5 30. Nf3 Rd8 31. Qxe5 Nxc4 32. Qxc7+ Kxc7 33. Rc2 1-0

[Event "*** MasterClass Titled Tuesday Blitz"]
[Site "Chess.com"]
[Date "2017.07.04"]
[Round "6"]
[White "Fy_Rakotomaharo"]
[Black "Indianlad"]
[Result "0-1"]
[WhiteElo "2367"]
[BlackElo "2519"]
[TimeControl "180+2"]
[EndTime "14:21:06 PDT"]
[Termination "Indianlad won by resignation"]

1. d4 g6 2. c4 Bg7 3. e4 d6 4. Nc3 Nf6 5. Be2 O-O 6. Bg5 Na6 7. Nf3 c6 8. O-O e5 9. Re1 exd4 10. Nxd4 Re8 11.
Bf1 Nc5 12. Qc2 h6 13. Bh4 g5 14. Bg3 Nh5 15. Rad1 Nxg3 16. hxg3 Bg4 17. Be2 Bd7 18. Bh5 Qf6 19. Qe2 a5 20. Bg4 Be6 21. Bf5 a4 22. Qc2 Qe7 23. b4 axb3 24. axb3 Bxd4 25. Nd5 cxd5 26.
exd5 Bxf5 27. Qxf5 Qxe1+ 28. Rxe1 Rxe1+ 29. Kh2 Raa1 30. g4 Ne4 31. g3 Nd2 0-1

[Event "*** MasterClass Titled Tuesday Blitz"]
[Site "Chess.com"]
[Date "2017.07.04"]
[Round "6"]
[White "Witik"]
[Black "ftorodent"]
[Result "1-0"]
[WhiteElo "2539"]
[BlackElo "2488"]
[TimeControl "180+2"]
[EndTime "14:21:08 PDT"]
[Termination "Witik won by resignation"]

1. d4 d5 2. Bf4 Nf6 3. e3 c5 4. c3 Nc6 5. Nd2 Bf5 6. Ngf3 e6 7. Bb5 Be7 8. Nh4 Bg4 9. Qa4 Qb6 10. h3 Bh5 11. g4 Bg6 12. O-O Bc2 13. Bxc6+ bxc6 14. Qxc2 Nxg4 15. hxg4 Bxh4 16. Nf3 Be7 17. a3 Qd8 18. b4 c4 19. e4 g5 20. Bg3 h5 21. Ne5 hxg4 22.
Nxg4 Qc8 23. Kg2 dxe4 24. Qxe4 f5 25. Qe5 Rf8 26. Nh6 f4 27. Bh2 Qd7 28. Ng4 O-O-O 29. f3 Rf5 30. Qe4 Rh8 31. a4 Bd6 32. b5 cxb5 33.
axb5 Qh7 34. Rf2 1-0

[Event "*** MasterClass Titled Tuesday Blitz"]
[Site "Chess.com"]
[Date "2017.07.04"]
[Round "6"]
[White "Hikaru"]
[Black "Cryptochess"]
[Result "1/2-1/2"]
[WhiteElo "2952"]
[BlackElo "2504"]
[TimeControl "180+2"]
[EndTime "14:21:11 PDT"]
[Termination "Game drawn by agreement"]

1. Nf3 Nf6 2. g3 e6 3. Bg2 d5 4. d3 c5 5. O-O Nc6 6. Nbd2 Be7 7. e4 O-O 8. e5 Nd7 9. Re1 b5 10. Nf1 b4 11. h4 a5 12. h5 a4 13. h6 g6 14. a3 bxa3 15. bxa3 Nd4 16. N3h2 Ba6 17. Bf4 Qa5 18. Bd2 Qc7 19. Ng4 c4 20. dxc4 Bxc4 21. Bb4 Bxb4 22. axb4 Nc6 23. f4 Nxb4 24. Nfe3 a3 25.
Qd2 Qc5 26. Reb1 Rfb8 27. Kh2 a2 28. Rb2 Nc6 29. Nxc4 Qxc4 30. Ne3 Qd4 31. Qxd4 Nxd4 32. Rbxa2 Rxa2 33. Rxa2 f6 34. Ra7 Rd8 35. Ng4 fxe5 36. Rxd7 Rxd7 37. Nf6+ Kf7 38. Nxd7 exf4 39. gxf4 Nxc2 40.
Ne5+ Kf6 41. Nd7+ Ke7 42. Ne5 Kf6 43. Kg3 Ne3 44. Ng4+ Nxg4 45. Kxg4 e5 46. fxe5+ Kxe5 47. Kg5 d4 48. Bf1 Ke4 49. Kf6 d3 50. Kg7 g5 51.
Kxh7 g4 52. Kg6 d2 53. Be2 g3 54. h7 g2 55. h8=Q 1/2-1/2

[Event "*** MasterClass Titled Tuesday Blitz"]
[Site "Chess.com"]
[Date "2017.07.04"]
[Round "6"]
[White "AndrewDGreen"]
[Black "MarshKnight"]
[Result "1/2-1/2"]
[WhiteElo "2168"]
[BlackElo "2139"]
[TimeControl "180+2"]
[EndTime "14:21:22 PDT"]
[Termination "Game drawn by agreement"]

1. d4 e6 2. Nf3 f5 3. c4 b6 4.
Nc3 Bb7 5. Qc2 Bb4 6. Bd2 Nf6 7. a3 Bxc3 8. Bxc3 O-O 9. O-O-O Ne4 10. Be1 a5 11. e3 a4 12. Ne5 d6 13. Nd3 Nc6 14.
f3 Nf6 15. h3 Qe8 16. g4 Na5 17. Be2 b5 18. cxb5 Nb3+ 19. Kb1 Nd5 20. Bf2 Qxb5 21.
Nc5 Qb6 22. Nxe6 Rfe8 23. gxf5 c5 24. Rhg1 Rxe6 25. fxe6 cxd4 26. e4 Rc8 27. Qd3 Nc3+ 28. bxc3 Nd2+ 29. Ka1 Rxc3 30. Qxd2 Rxa3+ 31. Qa2 Rxa2+ 32.
Kxa2 Qb3+ 33. Ka1 Qc3+ 34. Kb1 Qb3+ 35. Ka1 Qa3+ 36. Kb1 Qb3+ 37. Ka1 Qc3+ 1/2-1/2

[Event "*** MasterClass Titled Tuesday Blitz"]
[Site "Chess.com"]
[Date "2017.07.04"]
[Round "6"]
[White "TeukkaSalama"]
[Black "scrapnel"]
[Result "0-1"]
[WhiteElo "2075"]
[BlackElo "2535"]
[TimeControl "180+2"]
[EndTime "14:21:23 PDT"]
[Termination "scrapnel won by resignation"]

1. Nf3 d5 2. d4 Bf5 3. Bf4 e6 4. e3 Nf6 5. Bd3 Bg6 6. O-O Be7 7. c4 O-O 8. Nc3 dxc4 9. Bxc4 a6 10. a4 Nc6 11. h3 Nb4 12. Qe2 c5 13. dxc5 Bxc5 14.
Rfd1 Qe7 15. Rac1 Rfd8 16. Ne5 Rac8 17. Nxg6 hxg6 18. Bg5 Qe8 19. Bxf6 gxf6 20. Ne4 Be7 21. Bb3 f5 22. Rxc8 Rxc8 23. Nc3 Bf6 24. Qd2 Rd8 25. Qe2 Bxc3 26. bxc3 Nc6 27. Rxd8 Qxd8 28. Qc4 Qd2 29. g3 Kg7 30. Kg2 Qb2 31. h4 Qd2 32. Qc5 Qb2 33. Bc4 Qxc3 34. Kh2 Ne5 35. Qd4 Qxd4 36. exd4 Nxc4 0-1

[Event "*** MasterClass Titled Tuesday Blitz"]
[Site "Chess.com"]
[Date "2017.07.04"]
[Round "6"]
[White "Iball95"]
[Black "blitzcopter"]
[Result "1-0"]
[WhiteElo "2516"]
[BlackElo "2039"]
[TimeControl "180+2"]
[EndTime "14:21:25 PDT"]
[Termination "Iball95 won by resignation"]

1. d4 Nf6 2. c4 e6 3. Nf3 Bb4+ 4.
Bd2 Qe7 5. Nc3 Bxc3 6. Bxc3 Ne4 7. Qc2 Nxc3 8. Qxc3 Nc6 9. e3 O-O 10. Bd3 Qb4 11.
Qxb4 Nxb4 12. Kd2 Nxd3 13. Kxd3 d6 14. b4 Re8 15. a4 e5 16. Kc3 Bg4 17. dxe5 dxe5 18.
Nd2 Rad8 19. Ne4 Bf5 20. f3 Bxe4 21. fxe4 Rd7 22. Rad1 Red8 23. Rd5 c6 24. Rxd7 Rxd7 25. c5 Kf8 26. b5 Ke7 27. Rb1 Kd8 28. bxc6 bxc6 29.
Rb8+ Kc7 30. Rh8 h6 31. Rh7 f6 32. h4 Kd8 33. Rh8+ Kc7 34. Rg8 Re7 35. Kb4 Kb7 36. Ka5 Rd7 37. g4 Re7 38. Kb4 Rd7 39. Kc4 Re7 40. Rd8 Ka6 41. Rc8 Kb7 42. Rd8 Kc7 43.
Rd6 Rd7 44. Re6 Kb7 45. g5 hxg5 46. hxg5 Rf7 47. g6 Rd7 48. Re8 Kc7 49. Rf8 Re7 50.
Kb4 Kd7 51. Ka5 Ke6 52. Rd8 Rc7 53. Ka6 f5 54. Rd6+ Ke7 55. exf5 Rc8 56. Kxa7 Rc7+ 57. Kb6 Rc8 58. a5 Ra8 1-0

[Event "*** MasterClass Titled Tuesday Blitz"]
[Site "Chess.com"]
[Date "2017.07.04"]
[Round "6"]
[White "grobesk"]
[Black "Bad4life"]
[Result "0-1"]
[WhiteElo "2211"]
[BlackElo "2282"]
[TimeControl "180+2"]
[EndTime "14:21:29 PDT"]
[Termination "Bad4life won on time"]

1. e4 c5 2. d4 cxd4 3. c3 Qa5 4. Nf3 Nc6 5. Nxd4 Nf6 6. Nxc6 bxc6 7. Bd3 e5 8. O-O Be7 9. c4 O-O 10. Nc3 Rb8 11.
Rb1 h6 12. Bd2 Qd8 13. f4 exf4 14. Bxf4 d6 15. h3 Be6 16. Qa4 Nd7 17. Be2 Qc8 18. Kh1 Nc5 19. Qc2 a5 20. b3 Rd8 21. Rbd1 Na6 22. Rd2 Nb4 23. Qd1 Bf6 24. Na4 Be5 25. Bg4 Bxf4 26. Rxf4 Qc7 27. Rdf2 Rf8 28. Bxe6 fxe6 29.
Qf3 Qe7 0-1

[Event "*** MasterClass Titled Tuesday Blitz"]
[Site "Chess.com"]
[Date "2017.07.04"]
[Round "6"]
[White "gena217"]
[Black "Muisback26"]
[Result "1-0"]
[WhiteElo "2639"]
[BlackElo "2580"]
[TimeControl "180+2"]
[EndTime "14:21:31 PDT"]
[Termination "gena217 won on time"]

1. e4 c5 2. Nf3 Nc6 3. Bb5 g6 4. Bxc6 bxc6 5. O-O Bg7 6. Re1 Nh6 7. c3 O-O 8. d4 cxd4 9. cxd4 d5 10. e5 f6 11. h3 Nf7 12. Nc3 Bf5 13. Bf4 g5 14. Bg3 Bg6 15. Rc1 Bh5 16. Na4 fxe5 17. dxe5 Bxf3 18. Qxf3 Nxe5 19. Qd1 Ng6 20. Rxc6 e5 21. Nc3 d4 22. Ne4 Rb8 23. b3 Rb6 24.
Rxb6 axb6 25. Qh5 Bf6 26. Rc1 Kg7 27. Rc6 Qd5 28. Rc7+ Be7 29. Nxg5 h6 30. Nf3 Kf6 31. Qxh6 e4 32. Bh4+ Kf5 33. Qh5+ 1-0

[Event "*** MasterClass Titled Tuesday Blitz"]
[Site "Chess.com"]
[Date "2017.07.04"]
[Round "6"]
[White "ulises2013"]
[Black "Al_Shima"]
[Result "1-0"]
[WhiteElo "2335"]
[BlackElo "2345"]
[TimeControl "180+2"]
[EndTime "14:21:55 PDT"]
[Termination "ulises2013 won by resignation"]

1. e4 d5 2. exd5 Nf6 3. Nc3 Nxd5 4. Nxd5 Qxd5 5. Qf3 Qc5 6. Qc3 e5 7. Qxc5 Bxc5 8. d3 Nc6 9. Be3 Bb6 10. O-O-O Be6 11. a3 O-O-O 12. Nf3 f6 13. Be2 g5 14. h3 h5 15. Bxb6 axb6 16. Rd2 Bd5 17. Rhd1 g4 18.
Nh4 Be6 19. hxg4 hxg4 20. g3 f5 21. Bf1 Rh6 22. Bg2 Nd4 23. Re1 f4 24. Rxe5 f3 25. Bf1 Nc6 26. Re3 Bd5 27. Rd1 Nd4 28. Rde1 Bc6 29.
Re7 Rdh8 30. Kd2 Rxh4 31. gxh4 Rxh4 32. Rg7 Kb8 33. Kc3 Nf5 34. Rg8+ Ka7 35. d4 Nd6 36. Bd3 Bd7 37. Re7 Nb5+ 38. Bxb5 Bxb5 39. Rxc7 Bc6 40.
Rcc8 b5 41. Kb4 Kb6 42. a4 bxa4 43. c4 1-0

[Event "*** MasterClass Titled Tuesday Blitz"]
[Site "Chess.com"]
[Date "2017.07.04"]
[Round "6"]
[White "Aguiar94"]
[Black "Andrjywa"]
[Result "0-1"]
[WhiteElo "2398"]
[BlackElo "2308"]
[TimeControl "180+2"]
[EndTime "14:22:00 PDT"]
[Termination "Andrjywa won by resignation"]

1. e4 c5 2. Nf3 e6 3. d4 cxd4 4. Nxd4 a6 5. Bd3 Nc6 6. Nxc6 dxc6 7. O-O e5 8. Nd2 Nf6 9. b3 Bc5 10. Bb2 Bd4 11. Bxd4 Qxd4 12. Nf3 Qc5 13. Nh4 O-O 14. Qf3 Bg4 15. Qg3 g6 16. Rae1 Kg7 17. Kh1 Rfe8 18.
f4 exf4 19. Qxf4 Qe5 20. Qf2 Rad8 21. h3 Bc8 22. Nf3 Qe7 23. e5 Nh5 24. Nd2 Rf8 25. Nc4 Qg5 26. Kh2 Kg8 27. Nd6 Be6 28. Qc5 f6 29.
Qc3 Qg3+ 30. Kh1 fxe5 31. Rxf8+ Kxf8 32. Ne4 Qh4 33. Rf1+ Kg8 34. Qxe5 Bf7 35. Bc4 Bxc4 36. bxc4 Qxe4 0-1

[Event "*** MasterClass Titled Tuesday Blitz"]
[Site "Chess.com"]
[Date "2017.07.04"]
[Round "6"]
[White "GMKrikor"]
[Black "Winehouse83"]
[Result "1-0"]
[WhiteElo "2462"]
[BlackElo "2294"]
[TimeControl "180+2"]
[EndTime "14:22:02 PDT"]
[Termination "GMKrikor won by resignation"]

1. e4 e5 2. Nf3 Nc6 3. Bb5 a6 4. Ba4 Nf6 5. O-O b5 6. Bb3 Bc5 7. c3 d6 8. a4 Rb8 9. d3 h6 10.
Nbd2 O-O 11. h3 Nh5 12. Re1 Nf4 13. Nf1 Bxh3 14. Bxf4 Bxg2 15. Kxg2 exf4 16. d4 Bb6 17. axb5 axb5 18. N1h2 b4 19. e5 dxe5 20. Nxe5 Nxe5 21.
Rxe5 bxc3 22. bxc3 c6 23. Bc4 f3+ 24. Qxf3 Bc7 25.
Rf5 Qh4 26. Nf1 Qe7 27. Ra7 Kh8 28. Qxc6 Rbc8 29. Qf3 Qd6 30. Ng3 Bb6 31. Raxf7 Rxf7 32. Bxf7 Ba5 33. Bh5 Qe7 34. Rxa5 Qc7 35. Rc5 Qd7 36.
Bg4 1-0

[Event "*** MasterClass Titled Tuesday Blitz"]
[Site "Chess.com"]
[Date "2017.07.04"]
[Round "6"]
[White "OparinGrigoriy"]
[Black "Tonychess32"]
[Result "1-0"]
[WhiteElo "2743"]
[BlackElo "2443"]
[TimeControl "180+2"]
[EndTime "14:22:04 PDT"]
[Termination "OparinGrigoriy won on time"]

1. e4 e6 2. d4 d5 3. Nc3 dxe4 4. Nxe4 Nd7 5. Nf3 Ngf6 6. Bg5 Be7 7. Nxf6+ Nxf6 8. Bd3 O-O 9. Qe2 Rb8 10. O-O-O b6 11.
h4 h6 12. Kb1 Bb7 13. g4 Nxg4 14. Rhg1 h5 15. Bxe7 Qxe7 16. Ne5 Qxh4 17. f3 Nxe5 18. Qxe5 f6 19. Qxe6+ Rf7 20. Qf5 Kf8 21. Rde1 Re8 22. Rxe8+ Kxe8 23. Qe6+ Re7 24. Qg8+ Kd7 25. Bf5+ Kc6 26.
Qc4+ Kd6 27. Qb4+ c5 28. dxc5+ Kc6 29. Qxh4 1-0

[Event "*** MasterClass Titled Tuesday Blitz"]
[Site "Chess.com"]
[Date "2017.07.04"]
[Round "6"]
[White "hypert"]
[Black "aspired"]
[Result "0-1"]
[WhiteElo "2338"]
[BlackElo "2526"]
[TimeControl "180+2"]
[EndTime "14:22:05 PDT"]
[Termination "aspired won by resignation"]

1. e4 e5 2. Nf3 Nc6 3. Nc3 Nf6 4.
d4 exd4 5. Nxd4 Bb4 6. Nxc6 bxc6 7. Bd3 d5 8. exd5 O-O 9. O-O cxd5 10. h3 c6 11. Qf3 Rb8 12. Bf4 Bd6 13. b3 Rb4 14. Bxd6 Qxd6 15. Ne2 Bd7 16. Ng3 Re8 17. c4 Rbb8 18.
cxd5 cxd5 19. Rad1 Qe5 20. Rd2 Qg5 21. Rfd1 h5 22.
Bf5 Bc6 23. Rc2 Ba8 24. Rd4 Re1+ 25. Nf1 g6 26. Bd3 Rbe8 27. Rc7 Qe5 28. Qg3 Qxd4 29. Bxg6 Rxf1+ 30. Kh2 Qe5 31. Bxf7+ Kf8 32. Bxe8 Qxg3+ 33. Kxg3 Nxe8 34. Rxa7 Bc6 35. a4 Rb1 36. Ra6 Rxb3+ 37. Kh4 Rc3 38. Kxh5 d4 39. g4 d3 0-1

[Event "*** MasterClass Titled Tuesday Blitz"]
[Site "Chess.com"]
[Date "2017.07.04"]
[Round "6"]
[White "GMAkobianSTL"]
[Black "Adham_Fawzy"]
[Result "0-1"]
[WhiteElo "2558"]
[BlackElo "2435"]
[TimeControl "180+2"]
[EndTime "14:22:14 PDT"]
[Termination "Adham_Fawzy won on time"]

1. d4 Nf6 2. c4 e6 3. Nf3 b6 4. g3 Bb7 5. Bg2 Bb4+ 6. Nbd2 O-O 7. O-O a5 8. Qc2 Bxd2 9. Qxd2 d6 10. b3 Nbd7 11. Bb2 Be4 12. a3 c5 13. Rfd1 d5 14.
Rac1 a4 15. b4 dxc4 16. dxc5 bxc5 17. Rxc4 Bd5 18. Rcc1 Ne4 19. Qf4 cxb4 20. Ne5 Nxe5 21.
Bxe5 f5 22. f3 Nc3 23. Bxc3 bxc3 24. Rxc3 Qb6+ 25. Kh1 Qb2 26. Qe3 Bb3 27. Rdc1 Rad8 28.
f4 Qxa3 29. Qxe6+ Kh8 0-1

[Event "*** MasterClass Titled Tuesday Blitz"]
[Site "Chess.com"]
[Date "2017.07.04"]
[Round "6"]
[White "JammyDodger91"]
[Black "NMJeevanK"]
[Result "1/2-1/2"]
[WhiteElo "2291"]
[BlackElo "2333"]
[TimeControl "180+2"]
[EndTime "14:22:14 PDT"]
[Termination "Game drawn by repetition"]

1. e4 c5 2. d4 e6 3. Nf3 d5 4. exd5 exd5 5. g3 Nc6 6. Bg2 Nf6 7. O-O Be6 8. Be3 Qa5 9. Nc3 h6 10. Re1 O-O-O 11. a3 g5 12. dxc5 Ne4 13. Nd4 Bxc5 14. Nb3 Bxe3 15. Nxa5 Bxf2+ 16. Kh1 Nxa5 17. Rf1 Bb6 18.
Qe1 f5 19. Na4 Bc7 20. b3 h5 21. c4 Nxb3 22. cxd5 Bxd5 23. Rd1 Bc6 24. Rxf5 Rde8 25. Qb4 Nbd2 26. Rxd2 Nxd2 27. Bxc6 Re1+ 28. Kg2 Re2+ 29. Rf2 Rxf2+ 30. Kxf2 bxc6 31. Qxd2 Rg8 32. Qd4 Kb7 33. Qd7 Rd8 34. Qf5 Rd2+ 35. Kg1 Rd1+ 36. Kf2 Rd2+ 37. Kg1 Rd1+ 38. Kf2 Rd2+ 1/2-1/2

[Event "*** MasterClass Titled Tuesday Blitz"]
[Site "Chess.com"]
[Date "2017.07.04"]
[Round "6"]
[White "silverback96"]
[Black "viggi38"]
[Result "0-1"]
[WhiteElo "2120"]
[BlackElo "2253"]
[TimeControl "180+2"]
[EndTime "14:22:15 PDT"]
[Termination "viggi38 won by resignation"]

1. Nf3 f5 2. d3 Nf6 3. Nbd2 d5 4. g3 Nc6 5. Bg2 e5 6. O-O Be7 7. a3 a5 8. c4 O-O 9. cxd5 Nxd5 10. Qb3 Be6 11.
Qxb7 Qd7 12. Qb5 Rfb8 13. Qa4 Nb6 14. Qc2 a4 15. Ng5 Bd5 16. Bxd5+ Nxd5 17. Nc4 Nd4 18.
Qd1 Bf6 19. e4 Nb3 20. Rb1 Ne7 21. Qh5 h6 22. Qf7+ Kh8 23. Ne6 Ra6 24. exf5 Qxd3 25. Bxh6 Nxf5 26. Qg6 Rxe6 27. Nxe5 Rxe5 28. Bf4 Re6 29.
Rbd1 Qc2 30. Rd5 Nbd4 31. Rxd4 Nxd4 32. Qh5+ Kg8 33. Rc1 Ne2+ 34. Kg2 Nxc1 35. Qd5 Qc6 36. Qxc6 Rxc6 0-1

[Event "*** MasterClass Titled Tuesday Blitz"]
[Site "Chess.com"]
[Date "2017.07.04"]
[Round "6"]
[White "ehrenfeld"]
[Black "rasmussvane"]
[Result "0-1"]
[WhiteElo "2399"]
[BlackElo "2532"]
[TimeControl "180+2"]
[EndTime "14:22:17 PDT"]
[Termination "rasmussvane won by resignation"]

1. e4 e6 2. d3 d5 3. Qe2 Nc6 4. Nf3 e5 5. exd5 Qxd5 6. Nc3 Bb4 7. Bd2 Bxc3 8. Bxc3 Bg4 9. Qe4 Qxe4+ 10. dxe4 Bxf3 11.
gxf3 f6 12. Rg1 g5 13. O-O-O Nge7 14. Bc4 Ng6 15. Bd5 Nf4 16. Bxc6+ bxc6 17. Bd2 Ne2+ 18. Kb1 Nxg1 19. Rxg1 Rd8 20. Be3 a6 21. c3 Kf7 22. Kc2 Ke6 23. a4 h6 24. Ra1 Rhf8 25.
Ra3 f5 26. h3 Rb8 27. Ra1 f4 28. Bc5 Rfd8 29. h4 Kf6 30. hxg5+ hxg5 31. b4 Rh8 32. Kb3 Ke6 33. Rg1 Rbg8 34. Rd1 Rd8 35. Rg1 Kf6 36.
Kc4 Rh3 37. Rxg5 Kxg5 38. Be7+ Kg6 39. Bxd8 Rxf3 40. Bxc7 Rxf2 41. Bxe5 f3 42. Kd3 Kg5 43. c4 Kg4 44. b5 axb5 45. axb5 cxb5 46. cxb5 Rf1 47.
Bd4 Rb1 48. b6 Kg3 49. Kc3 f2 50. Bxf2+ Kxf2 51. Kd4 Rxb6 52. e5 Kf3 53. Kd5 Kf4 54.
e6 Kf5 0-1

[Event "*** MasterClass Titled Tuesday Blitz"]
[Site "Chess.com"]
[Date "2017.07.04"]
[Round "6"]
[White "maheswaran26"]
[Black "Rating-Schmating"]
[Result "1-0"]
[WhiteElo "2150"]
[BlackElo "2234"]
[TimeControl "180+2"]
[EndTime "14:22:29 PDT"]
[Termination "maheswaran26 won by checkmate"]

1. d4 Nf6 2. c4 e6 3. Nc3 Bb4 4. f3 d5 5. a3 Be7 6. e4 dxe4 7.
fxe4 e5 8. d5 Bc5 9. Bd3 c6 10.
Nf3 Bg4 11. Qe2 Nbd7 12. Bg5 h6 13. Bh4 Bd4 14. h3 Bxf3 15. Qxf3 Nc5 16. Bc2 Ncd7 17. O-O-O Qb6 18. Rhf1 O-O-O 19. Na4 Qc7 20. Kb1 Kb8 21. Bg3 Ka8 22. Rxd4 b5 23. cxb5 cxb5 24. Nc3 Rhe8 25.
Rdd1 Nb6 26. Nxb5 Qc4 27. Qd3 Qc5 28. Bf2 Qc8 29. Bxb6 axb6 30. Ba4 Re7 31. Rc1 Qb8 32. d6 Ra7 33. Rxf6 Rxa4 34. Qd5+ Qb7 35. Rxf7 Qxd5 36.
exd5 Ra5 37. Nc7+ Kb8 38. Ne6 Rxd6 39. Rf8+ Kb7 40. Rc7+ Ka6 41. b4 Raxd5 42. Ra8+ Kb5 43. Nxg7 Rd1+ 44. Rc1 R1d2 45. Nf5 R6d3 46. Rc2 Rd1+ 47. Kb2 Rf1 48. g4 Rxh3 49. Nd6# 1-0

[Event "*** MasterClass Titled Tuesday Blitz"]
[Site "Chess.com"]
[Date "2017.07.04"]
[Round "6"]
[White "Colombiano07"]
[Black "Godzillator"]
[Result "0-1"]
[WhiteElo "2308"]
[BlackElo "2273"]
[TimeControl "180+2"]
[EndTime "14:22:33 PDT"]
[Termination "Godzillator won by checkmate"]

1. d4 d5 2. Bf4 c5 3. e3 cxd4 4.
exd4 Nc6 5. c3 Nf6 6. Nd2 Bg4 7. Ngf3 e6 8. Bd3 Be7 9. Qb3 Qc8 10. Ne5 Nxe5 11.
dxe5 Nd7 12. Qa4 O-O 13. Bg3 Nc5 14. Qc2 Nxd3+ 15. Qxd3 Bf5 16. Qf3 d4 17. cxd4 Qc2 18.
Qc3 Rac8 19. Qxc2 Rxc2 20. Nb3 Bb4+ 21. Kf1 Rfc8 22. Kg1 a5 23. h3 Rxb2 24. Kh2 b6 25.
Rhc1 Rcc2 26. Rxc2 Rxc2 27. a3 Be7 28. d5 exd5 29.
Nd4 Bd3 30. Nxc2 Bxc2 31. Rc1 Bf5 32. a4 Bc5 33. Bf4 h6 34. Be3 d4 35. Bd2 Bd7 36. Bxa5 Bxa4 37. Bb4 d3 38. Be1 Bc2 39. Kg3 b5 40. f4 Bd4 41. Kf3 Bb2 42. Bd2 Bxc1 43. Bxc1 Kf8 44. Ke3 g6 45. Bd2 h5 46. g4 h4 47. Kd4 Ke7 48. Kc3 Ke6 49. Be1 Kd5 50. Bxh4 Ke4 51. Bg5 b4+ 52. Kd2 b3 53. f5 b2 54. e6 fxe6 55. fxe6 b1=Q 56. e7 Qb4+ 57. Kc1 Ba4 58. h4 Qb3 59. Kd2 Qc2+ 60. Ke1 Qe2# 0-1